 Dungeon Crawl Stone Soup version 0.17.2-1-ge4368a0 (webtiles) character file.

87 Goblin1989 the Cudgeler (level 4, 0/33 HPs)
             Began as a Demonspawn Gladiator on Aug 19, 2016.
             Was an Initiate of Okawaru.
             Slain by Menkaure (13 damage)
             ... on level 5 of the Dungeon.
             The game lasted 00:07:25 (744 turns).

Goblin1989 the Cudgeler (Demonspawn Gladiator)       Turns: 744, Time: 00:07:26

Health: 0/33       AC:  8    Str: 16    XL:     4   Next: 28%
Magic:  0/4        EV: 10    Int: 10    God:    Okawaru [......]
Gold:   64         SH:  0    Dex: 13    Spells: 0 memorised, 3 levels left

rFire  . . .     SeeInvis .     a - +0 flail
rCold  . . .     Clarity  .     n - +0 scale mail
rNeg   . . .     SustAt   .     (no shield)
rPois  .         Gourm    .     (helmet restricted)
rElec  .         Spirit   +     (no cloak)
rCorr  .         Warding  .     (no gloves)
rMut   .         Stasis   .     m - +1 pair of boots
MR     .....                    (no amulet)
Stlth  ..........               (no ring)
                                (no ring)

@: not resistant to hostile enchantments, extremely unstealthy
A: antennae 1, magic shield
a: Renounce Religion


You were on level 5 of the Dungeon.
You worshipped Okawaru.
Okawaru was noncommittal.
You were not hungry.

You visited 1 branch of the dungeon, and saw 5 of its levels.

You collected 64 gold pieces.

Inventory:

Hand Weapons
 a - a +0 flail (weapon)
Missiles
 d - 3 throwing nets (quivered)
Armour
 b - a +0 leather armour
 c - a +0 helmet
 m - a +1 pair of boots (worn)
 n - a +0 scale mail (worn)
Potions
 o - a potion of heal wounds
Comestibles
 e - 2 bread rations
 h - 2 fruits
 i - 3 meat rations


   Skills:
 - Level 2.0 Fighting
 + Level 4.6 Maces & Flails
 - Level 1.7 Throwing
 - Level 2.6 Dodging


You had 3 spell levels left.
You didn't know any spells.

Dungeon Overview and Level Annotations

Branches:
Dungeon (5/15)
 Temple: D:4-7

Altars:
Elyvilon
Gozag
Nemelex Xobeh
Okawaru
Xom

Annotations:
D:4 Grinder
D:5 Menkaure


Innate Abilities, Weirdness & Mutations

You have a pair of small antennae on your head.
When hurt, damage is shared between your health and your magic reserves.


Message History

Menkaure barely misses you.
Found a stone staircase leading up.
You hit Menkaure.
Menkaure is moderately damaged.
Menkaure calls on the powers of darkness!
Your body is wracked with pain!
The crimson imp blinks!
You take 7 damage, and have 12/33 hp.
MASSIVE DAMAGE!!
You now have 2/4 mp.
You barely miss Menkaure.
Menkaure is moderately damaged.
The crimson imp blinks!
Menkaure mumbles some strange words.
Menkaure seems to speed up.
You hit Menkaure but do no damage.
Menkaure is moderately damaged.
You hear the slow rusting of a distant drain.
Menkaure hits you!
You die...

#.# #.# ..# ####.#
######## ..#
.....####......# ..#
.......##......#+#..#
.......##...........#
.......##...........#.##
.......'................
.......##.......@M......
.......##...............
.......########.........
.......# .........<
.......# ......##...
##...... 5......# ..
...... ........# .
..........


You could see Menkaure and a crimson imp.

Vanquished Creatures
  An orc priest (D:4)
  An orc wizard (D:4)
  A worm (D:2)
  3 orcs
  A ball python (D:3)
  2 giant cockroaches
  A goblin (D:1)
  4 hobgoblins (D:1)
  3 bats (D:1)
  5 kobolds
  A rat (D:1)
23 creatures vanquished.

Notes
Turn   | Place    | Note
--------------------------------------------------------------
     0 | D:1      | Goblin1989 the Demonspawn Gladiator began the quest for the Orb.
     0 | D:1      | Reached XP level 1. HP: 16/16 MP: 1/1
    60 | D:1      | Reached skill level 3 in Maces & Flails
   112 | D:1      | Gained mutation: You have a pair of small antennae on your head. [demonic ancestry]
   112 | D:1      | Reached XP level 2. HP: 20/22 MP: 2/2
   311 | D:2      | Found an opulent altar of Gozag.
   315 | D:2      | Found a sparkling altar of Nemelex Xobeh.
   315 | D:2      | Found an iron altar of Okawaru.
   317 | D:2      | Found a shimmering altar of Xom.
   320 | D:2      | Found a white marble altar of Elyvilon.
   323 | D:2      | Became a worshipper of Warmaster Okawaru
   525 | D:3      | Reached XP level 3. HP: 24/27 MP: 3/3
   580 | D:4      | Reached skill level 4 in Maces & Flails
   593 | D:4      | Gained mutation: When hurt, damage is shared between your health and your magic reserves. [demonic ancestry]
   593 | D:4      | Reached XP level 4. HP: 11/33 MP: 4/4
   679 | D:4      | Noticed Grinder
   697 | D:5      | Entered Level 5 of the Dungeon
   735 | D:5      | Noticed Menkaure
   744 | D:5      | Slain by Menkaure

Action                   |  1- 3 |  4- 6 || total
-------------------------+-------+-------++-------
Melee: Flail             |    83 |    16 ||    99
  Use: Scroll            |       |     4 ||     4
       Potion            |       |     3 ||     3
